 Dungeon Crawl Stone Soup version 0.23.2-1-ga50397a (webtiles) character file.

Game seed: 1475765251164355069

139 troglodite the Skirmisher (level 5, -2/42 HPs)
             Began as a Demonspawn Berserker on May 6, 2019.
             Was a Believer of Trog.
             Slain by Sigmund
             ... wielding a +2 vampiric scythe
              (4 damage)
             ... on level 2 of the Dungeon.
             The game lasted 00:06:30 (1521 turns).

troglodite the Skirmisher (Demonspawn Berserker)    Turns: 1521, Time: 00:06:31

Health: -2/42      AC:  9    Str: 17    XL:     5   Next: 1%
Magic:  5/5        EV: 11    Int:  8    God:    Trog [**....]
Gold:   61         SH:  0    Dex: 14    Spells: 4/4 levels left

rFire    . . .     SeeInvis .   a - +0 falchion
rCold    . . .     Gourm    .   (no shield)
rNeg     . . .     Faith    .   e - +0 ring mail
rPois    .         Spirit   .   (no helmet)
rElec    .         Reflect  .   (no cloak)
rCorr    .         Harm     .   (no gloves)
MR       .....                  (no boots)
Stlth    +.........             (no amulet)
HPRegen  0.14/turn              (no ring)
MPRegen  0.09/turn              (no ring)

@: berserk cooldown, slowed, very slow
A: iridescent scales 2
a: Berserk, Trog's Hand, Renounce Religion


You were on level 2 of the Dungeon.
You worshipped Trog.
Trog was pleased with you.
You were hungry.

You visited 1 branch of the dungeon, and saw 2 of its levels.

You collected 61 gold pieces.

Inventory:

Hand Weapons
 a - a +0 falchion (weapon)
Armour
 e - a +0 ring mail (worn)
Jewellery
 j - an uncursed amulet of the acrobat {unknown}
 l - an uncursed ring of ice {unknown}
Scrolls
 b - a scroll of fear {unknown}
 d - a scroll of enchant armour {unknown}
 g - a scroll of fog {unknown}
 h - a scroll of immolation {unknown}
 i - a scroll of magic mapping {unknown}
 m - a scroll of amnesia {unknown}
Potions
 k - a potion of heal wounds {unknown}
 n - a potion of haste {unknown}
Comestibles
 c - a ration
 f - a chunk of flesh


   Skills:
 * Level 3.8 Fighting
 + Level 3.4 Long Blades
 * Level 3.2 Armour
 * Level 2.2 Dodging
 + Level 0.3 Stealth


You had 4 spell levels left.
You didn't know any spells.
Your spell library was empty.

Dungeon Overview and Level Annotations

Branches:
Dungeon (2/15)

Altars:

Annotations:
D:2 Sigmund


Innate Abilities, Weirdness & Mutations

You are mostly covered in iridescent scales. (AC +4)


Message History

You hear some strange, mumbled words.
A puff of flame appears from out of thin air!
The puff of flame hits you!
* * * LOW HITPOINT WARNING * * *
Things that are here:
a +0 spear; a gnoll corpse You hit something.
The goblin completely misses you.
You riposte.
You hit the goblin.
You kill the goblin!
Trog accepts your kill.
You hear some strange, mumbled words.
A puff of flame appears from out of thin air!
The puff of flame hits you but does no damage.
Something hits you.
* * * LOW HITPOINT WARNING * * *
Something hits you but does no damage. Something hits you.
* * * LOW HITPOINT WARNING * * *
You barely miss something. Something hits you.
You die...

.. .#.# #.##.#.##
#....... #.......
#......
#.####.....#
........#..# .
#.#..# #. ...
#@#..###... .>..
#)).......8
.....##)†.....#..
........)........
.....##.......###
.... #.†.....#
... #.).....#
#..# #.......#
#..# #..######


There were no monsters in sight!

Vanquished Creatures
  Natasha (D:2)
  4 gnolls (D:2)
  An adder (D:2)
  A worm (D:2)
  2 dart slugs (D:1)
  A leopard gecko (D:1)
  9 bats
  A giant cockroach (D:1)
  9 goblins
  A hobgoblin (D:2)
  6 jackals (D:1)
  2 ball pythons
  A frilled lizard (D:1)
  13 kobolds
  7 rats
59 creatures vanquished.

Notes
Turn   | Place    | Note
-------+----------+-------------------------------------------
     0 | D:1      | troglodite the Demonspawn Berserker began the quest for the
                  | Orb.
     0 | D:1      | Reached XP level 1. HP: 18/18 MP: 1/1
   355 | D:1      | Gained mutation: You are partially covered in iridescent
                  | scales. (AC +2) [demonic ancestry]
   355 | D:1      | Reached XP level 2. HP: 24/24 MP: 2/2
   719 | D:1      | Reached ** piety under Trog
   740 | D:1      | Reached XP level 3. HP: 26/29 MP: 3/3
  1258 | D:2      | Noticed Natasha
  1262 | D:2      | Killed Natasha
  1262 | D:2      | Gained mutation: You are mostly covered in iridescent
                  | scales. (AC +4) [demonic ancestry]
  1262 | D:2      | Reached XP level 4. HP: 37/37 MP: 4/4
  1493 | D:2      | Noticed Sigmund
  1509 | D:2      | Reached XP level 5. HP: 29/42 MP: 5/5
  1520 | D:2      | HP: 2/42 [something (5)]
  1521 | D:2      | Slain by Sigmund

Skill      XL: |  1  2  3  4 |
---------------+-------------+-----
Dodging        | 2 |  2.2
Armour         | 2 3 |  3.2
Long Blades    | 3 |  3.4
Fighting       | |  3.8
Stealth        | |  0.3

Action                   |  1- 3 |  4- 6 || total
-------------------------+-------+-------++-------
Melee: Falchion          |   109 |    28 ||   137
Invok: Berserk           |     1 |     1 ||     2
  Eat: Chunk             |     1 |     2 ||     3
Armor: Ring mail         |    63 |    19 ||    82
       Animal skin       |     3 |       ||     3
Dodge: Dodged            |   102 |    22 ||   124
       Rpst.: Falchion   |    37 |     8 ||    45
